 Dungeon Crawl Stone Soup version 0.29.1-15-g9cfb28693d (webtiles) character file.

Game seed: 3151768529862154492

53 112233 the Magician (level 3, -3/16 HPs)
             Began as a Spriggan Air Elementalist on Feb 23, 2023.
             Shot with an arrow by a centaur (8 damage)
             ... on level 5 of the Dungeon.
             The game lasted 00:01:18 (2330 turns).

112233 the Magician (Spriggan Air Elementalist)     Turns: 2330, Time: 00:01:19

Health: -3/16      AC:  2    Str:  4    XL:     3   Next: 62%
Magic:  10/10      EV: 17    Int: 18    God:
Gold:   110        SH:  0    Dex: 15    Spells: 9/12 levels left

rFire   . . .      SeeInvis +   j - +2 dagger (venom)
rCold   . . .      Faith    .   (no shield)
rNeg    . . .      Spirit   .   a - +0 robe
rPois   .          Reflect  .   (helmet restricted)
rElec   .          Harm     .   (no cloak)
rCorr   .          Rampage  .   (gloves unavailable)
Will    .....                   (boots unavailable)
Stlth   ++........              (no amulet)
HPRegen 0.05/turn               m - ring of flight
MPRegen 0.12/turn               (no ring)

@: flying, very quick
A: very small, no large weapons, unfitting armour, see invisible, speed 3
a: no special abilities


You were on level 5 of the Dungeon.
You visited 1 branch of the dungeon, and saw 5 of its levels.

You collected 110 gold pieces.

Inventory:

Hand Weapons
 j - a +2 dagger of venom (weapon)
Armour
 a - a +0 robe (worn)
Jewellery
 m - a ring of flight (left hand)
Scrolls
 d - 2 scrolls of identify {unknown}
 e - 2 scrolls of enchant armour {unknown}
 f - 2 scrolls of teleportation {unknown}
 g - 4 scrolls of fear {unknown}
 k - a scroll of noise {unknown}
 l - a scroll of magic mapping {unknown}
 n - 2 scrolls of vulnerability {unknown}
 o - a scroll of summoning {unknown}
Potions
 b - a potion of magic
 c - a potion of curing {unknown}
 h - a potion of attraction {unknown}
 i - a potion of brilliance {unknown}


   Skills:
 - Level 2.6 Dodging
 - Level 3.0 Stealth
 + Level 5.1 Spellcasting
 - Level 0.6 Conjurations
 - Level 2.6 Air Magic


You had 9 spell levels left.
You knew the following spells:

 Your Spells              Type           Power      Damage    Failure   Level
a - Shock                 Conj/Air       40%        1d5       7%          1
b - Static Discharge      Conj/Air       10%        3-5/arc   10%         2

Your spell library contained the following spells:

 Spells                   Type           Power      Damage    Failure   Level
 Swiftness                Air            14%        N/A       13%         3
 Airstrike                Air            7%         2d(1-17)  41%         4


Dungeon Overview and Level Annotations

Branches:
Dungeon (5/15)             Temple (0/1) D:5

Altars:

Annotations:
D:3 Sigmund


Innate Abilities, Weirdness & Mutations

You are very small and have problems with some larger weapons.
You are too small for most types of armour.
You have supernaturally acute eyesight. (SInv)
You cover ground extremely quickly. (Speed+++)


Message History

Magic restored.
You see here a ball python corpse.
You reach down and open the door.
There is an open door here.
Found 6 stones.
A gnoll comes into view. It is wielding a +0 flail.
The gnoll shouts!
A gnoll is nearby!
A gnoll is nearby!
Casting: Shock (safe; 7% risk of failure)
Confirm with . or Enter, or press ? or * to list all spells.
Aiming: Shock (safe; 7% risk of failure)
Press: ? - help, Shift-Dir - straight line, f - gnoll
Aim: a gnoll, wielding a +0 flail (72% to hit)
The zap hits the gnoll.
The gnoll is moderately wounded.
A gnoll comes into view. It is wielding a +0 flail. x2
A gnoll comes into view. It is wielding a +0 spear.
Unknown command.
Found a stone staircase leading down.
Found 7 gold pieces and a lumpy white potion.
There is a stone staircase leading down here.
You fly downwards.
Found two stone staircases leading up.
There is a stone staircase leading up here.
Unknown command.
Found a sling.
Found an escape hatch in the ceiling.
Found a staircase to the Ecumenical Temple.
A centaur and a scorpion come into view.
The centaur shouts!
A hound comes into view.
The centaur wields a +0 shortbow.
The centaur shoots an arrow.
The arrow hits you.
The centaur shoots an arrow.
The arrow hits you!
The centaur shoots an arrow.
The arrow completely misses you.
There is a staircase to the Ecumenical Temple here.
The centaur shoots an arrow.
The arrow hits you!
Ouch! That really hurt!
You die...

... ### ### ..
... ..
..##.##.##.##..
..#.........#..
...h..........#
..#..⌠.s.⌠..#
..#.........##.
.......@......c
###.........#..
###..⌠...⌠..#.#
#...........)<#
#.#.........#.#
# ##.##.##.## #
#....#..# #
###....##.### .
##.........


You could see a centaur, a scorpion and a hound (wandering).

Vanquished Creatures
  2 adders
  3 ball pythons
  4 endoplasms
  A giant cockroach (D:2)
  6 goblins
  A hobgoblin (D:2)
  3 jackals (D:2)
  2 quokkas (D:2)
  6 bats
  2 frilled lizards (D:2)
  A kobold (D:2)
  2 rats (D:1)
33 creatures vanquished.

Notes
Turn   | Place    | Note
-------+----------+-------------------------------------------
     0 | D:1      | 112233 the Spriggan Air Elementalist began the quest for
                  | the Orb.
     0 | D:1      | Reached XP level 1. HP: 9/9 MP: 5/5
    39 | D:1      | Reached skill level 3 in Spellcasting
   303 | D:1      | Reached XP level 2. HP: 13/13 MP: 2/7
   723 | D:1      | Reached skill level 4 in Spellcasting
   778 | D:2      | Learned a level 2 spell: Static Discharge
  1008 | D:2      | Reached XP level 3. HP: 16/16 MP: 4/9
  1577 | D:2      | Reached skill level 5 in Spellcasting
  2229 | D:3      | Found a faded altar of an unknown god.
  2247 | D:3      | Noticed Sigmund
  2316 | D:5      | Entered Level 5 of the Dungeon
  2322 | D:5      | Found a staircase to the Ecumenical Temple.
  2326 | D:5      | Noticed a centaur
  2326 | D:5      | Noticed a scorpion
  2330 | D:5      | Shot with an arrow by a centaur

Illustrated notes

Levels and vault maps discovered:
D:1:      minmay_arrival_open_corners, layout_rooms
D:2:      layout_loops_corners
D:3:      minmay_recursive_quarters, layout_basic,
          nicolae_qazlal_scattered_showers, ebering_ecumenical_altar_hall,
          uniq_sigmund
D:4:      layout_basic, demons_altar
D:5:      layout_rooms, mainiacjoe_overflow_catwalk,
          minmay_temple_entry_large_hall, uniq_eustachio

Skill      XL: |  1  2  3 |
---------------+----------+-----
Spellcasting   | 3 4 5 |  5.1
Dodging        | |  2.6
Stealth        | |  3.0
Conjurations   | |  0.6
Air Magic      | |  2.6

Action                   || total
-------------------------++-------
Melee: Dagger            ||     1
 Cast: Shock             ||    72
 Stab: Sleeping          ||     1
Armor: Robe              ||     3
Dodge: Dodged            ||    12
